 Dungeon Crawl Stone Soup version 0.26.0-3-g156281e41b (webtiles) character file.

Game seed: 8428787862279785813

9550 teolandon225 the Blocker (level 11, 0/85 HPs)
             Began as a Minotaur Berserker on Jan 10, 2021.
             Was a High Priest of Trog.
             Slain by a swamp worm (19 damage)
             ... on level 11 of the Dungeon.
             The game lasted 00:26:15 (12440 turns).

teolandon225 the Blocker (Minotaur Berserker)      Turns: 12440, Time: 00:26:15

Health: 0/85       AC:  7    Str: 31    XL:     11   Next: 24%
Magic:  10/10      EV: 13    Int:  4    God:    Trog [*****.]
Gold:   242        SH: 16    Dex: 10    Spells: 10/10 levels left

rFire    . . .     SeeInvis .   P - +3 broad axe (flame)
rCold    . . .     Faith    +   l - +2 kite shield
rNeg     + . .     Spirit   .   g - +1 leather armour of Articulation {+Blink}
rPois    .         Reflect  .   h - +2 hat
rElec    .         Harm     .   M - scarf {repulsion}
rCorr    .         Rampage  .   (no gloves)
Will     .....                  (no boots)
Stlth    +.........             D - amulet of faith
HPRegen  0.24/turn              d - ring of positive energy (curse)
MPRegen  0.12/turn              o - +6 ring of strength

@: repel missiles, very slow
A: retaliatory headbutt, horns 2
a: Renounce Religion, Evoke Blink, Berserk, Trog's Hand, Brothers in Arms


You were on level 11 of the Dungeon.
You worshipped Trog.
Trog was extremely pleased with you.
You visited 1 branch of the dungeon, and saw 11 of its levels.
You also visited: Sewer.

You collected 560 gold pieces.
You spent 318 gold pieces at shops.

Inventory:

Hand Weapons
 a - a +0 hand axe
 u - a +0 war axe of protection
 H - a +1 vampiric hand axe
 P - a +3 broad axe of flaming (weapon)
Missiles
 I - 2 throwing nets (quivered)
Armour
 g - the +1 leather armour of Articulation (worn) {+Blink}
   (You found it on level 6 of the Dungeon)

   It lets you blink.
 h - a +2 hat (worn)
 j - a +1 scale mail
 l - a +2 kite shield (worn)
 q - a +0 cloak
 G - a scarf of harm
 M - a scarf of repulsion (worn)
Jewellery
 b - an uncursed ring of resist corrosion
 d - a cursed ring of positive energy (left hand)
 o - a +6 ring of strength (right hand)
 x - an uncursed ring of see invisible
 D - an amulet of faith (around neck)
 K - an uncursed amulet of magic regeneration
 L - an uncursed amulet of guardian spirit
 O - an uncursed amulet of regeneration
Wands
 v - a wand of iceblast (30)
 w - a wand of polymorph (10)
 C - a wand of flame (13)
 F - a wand of random effects (22)
Scrolls
 e - 2 scrolls of enchant armour
 f - 5 scrolls of teleportation
 m - 3 scrolls of fear
 n - a scroll of blinking
 r - 7 scrolls of remove curse
 y - 3 scrolls of magic mapping
 z - 2 scrolls of identify
 B - a scroll of immolation {unknown}
Potions
 c - 2 potions of cancellation
 i - 6 potions of heal wounds
 k - 6 potions of lignification
 p - a potion of ambrosia
 s - 7 potions of curing
 t - 3 potions of berserk rage
 A - 2 potions of magic
 E - a potion of resistance
 J - a potion of flight
 N - a potion of haste


   Skills:
 - Level 4.9 Fighting
 - Level 9.3 Axes
 - Level 8.4 Armour
 - Level 3.7 Dodging
 * Level 14.9 Shields
 - Level 4.4 Evocations


You had 10 spell levels left.
You didn't know any spells.
Your spell library was empty.

Dungeon Overview and Level Annotations

Branches:
Dungeon (11/15)            Temple (0/1) D:4            Lair (0/6) D:10
  Sewer (visited)
    Orc: D:9-12

Altars:
Fedhas
Hepliaklqana
Okawaru
Vehumet
Wu Jian
Xom

Shops:
D:6 *[   D:7 !   D:10 :

Annotations:
D:3 exclusion: 2 downstairs
D:6 exclusion: downstairs
D:9 exclusions: ice statue and 2 upstairs
D:10 exclusion: upstairs


Innate Abilities, Weirdness & Mutations

You reflexively headbutt those who attack you in melee.
You have a pair of horns on your head.


Message History

The swamp worm misses you. You furiously retaliate!
You headbutt the swamp worm!
The swamp worm bites you but does no damage.
You completely miss the swamp worm. You headbutt the swamp worm!
The swamp worm is almost dead.
You block the swamp worm's attack.
Your unstable footing causes you to fumble your attack.
The swamp worm bites you. You block the swamp worm's attack.
Your unstable footing causes you to fumble your attack.
You block the swamp worm's attack.
Your unstable footing causes you to fumble your attack.
The swamp worm bites you. You block the swamp worm's attack.
You completely miss the swamp worm. Your headbutt misses the swamp worm.
The swamp worm is almost dead.
The swamp worm bites you!!
* * * LOW HITPOINT WARNING * * *
You barely miss the swamp worm. Your headbutt misses the swamp worm.
The swamp worm is severely wounded.
The swamp worm barely misses you. The swamp worm bites you!!
You die...

#.# ####.....#######.###.#
#.# #.....'.))(...# #.# #.#
#...≈≈≈÷)###### #.# #.#
#..≈≈≈≈≈≈≈##### #.# #.#
##≈≈≈≈###≈≈≈≈..# #.# #.#
#≈≈≈###≈###≈≈≈.# #.# #.#
#≈≈≈#≈)≈≈≈##≈≈.# #.# #.#
##### #≈≈†≈}≈≈≈≈≈#≈≈.# #.#
#.# #...#
#≈w@#≈≈:≈≈##≈≈.###.# #.#
#...# #≈≈≈###≈###≈≈≈...#.#
#.# #...#
##≈≈≈≈###≈≈≈≈#.#.#.# #.#
#...########≈≈≈≈≈≈≈....#.#.#
#.#
#..........##≈≈≈≈≈######.#.#
##)###...(......
##..########.#.#
.)))##..........
#...........#.#
................
#.###########.#
.........###### #.#......#
#.#


You could see a swamp worm.

Vanquished Creatures
  Harold (D:7)
  2 two-headed ogres
  Joseph (D:8)
  Psyche (D:10)
  A troll (D:10)
  Grinder (D:6)
  4 wyverns (D:10)
  4 yaks (D:10)
  Menkaure (D:6)
  2 swamp worms (D:11)
  5 water moccasins
  A sky beast (D:5)
  2 ice beasts
  4 orc warriors
  A necrophage (D:10)
  5 ogres
  6 phantoms
  5 centaurs
  2 big kobolds
  3 bullfrogs
  A gnoll sergeant (D:7)
  4 scorpions
  A killer bee (D:8)
  2 electric eels (D:10)
  3 howler monkeys
  A wight (D:8)
  A centaur zombie (D:8)
  A quasit (D:8)
  4 bullfrog zombies
  6 hounds
  Crazy Yiuf (D:6)
  9 orc priests
  5 orc wizards
  5 iguanas
  10 worker ants
  2 hound zombies (D:8)
  A hound skeleton (D:7)
  12 adders
  4 gnolls (D:7)
  A river rat (D:3)
  3 shadow imps (D:8)
  4 white imps
  An ufetubus (D:7)
  2 adder skeletons (D:4)
  6 worms
  3 dart slugs
  4 leopard geckos
  36 orcs
  12 bats
  8 giant cockroaches
  8 goblins
  4 hobgoblins
  16 jackals
  3 quokkas
  6 frilled lizards
  A jackal skeleton (D:9)
  16 kobolds
  2 leopard gecko skeletons
  2 quokka zombies
  8 rats
271 creatures vanquished.

Vanquished Creatures (others)
  An adder (D:10)
  4 fungi
  14 plants
19 creatures vanquished.

Grand Total: 290 creatures vanquished

Notes
Turn   | Place    | Note
-------+----------+-------------------------------------------
     0 | D:1      | teolandon225 the Minotaur Berserker began the quest for the
                  | Orb.
     0 | D:1      | Reached XP level 1. HP: 19/19 MP: 0/0
   339 | D:1      | Reached XP level 2. HP: 27/27 MP: 1/1
   616 | D:1      | Found an iron altar of Okawaru.
  1124 | D:2      | Found a faded altar of an unknown god.
  1127 | D:2      | Found a shimmering altar of Xom.
  1134 | D:2      | Reached XP level 3. HP: 33/33 MP: 2/2
  1161 | D:2      | Reached ** piety under Trog
  1683 | D:3      | Reached XP level 4. HP: 38/40 MP: 3/3
  1684 | D:3      | Noticed a phantom
  1700 | D:3      | Killed a phantom
  1701 | D:3      | Reached skill level 5 in Axes
  1701 | D:3      | Reached XP level 5. HP: 37/47 MP: 4/4
  2264 | D:3      | Found a glowing drain.
  2268 | Sewer    | Entered a sewer
  2275 | Sewer    | Reached *** piety under Trog
  2289 | Sewer    | Noticed a water moccasin
  2299 | Sewer    | Killed a water moccasin
  2300 | Sewer    | Reached XP level 6. HP: 40/55 MP: 5/5
  2847 | D:4      | Found a staircase to the Ecumenical Temple.
  2888 | D:4      | Reached skill level 1 in Shields
  3152 | D:4      | Reached skill level 2 in Shields
  3305 | D:4      | Reached skill level 3 in Shields
  3305 | D:4      | Reached XP level 7. HP: 60/60 MP: 6/6
  3876 | D:4      | Reached skill level 5 in Armour
  3884 | D:4      | Reached skill level 4 in Shields
  4045 | D:4      | Reached skill level 5 in Shields
  4391 | D:5      | Entered Level 5 of the Dungeon
  4447 | D:5      | Reached XP level 8. HP: 67/67 MP: 7/7
  4661 | D:5      | Reached skill level 6 in Shields
  5088 | D:5      | Reached skill level 7 in Shields
  5349 | D:6      | Noticed Grinder
  5367 | D:6      | Killed Grinder
  5481 | D:6      | Reached skill level 8 in Shields
  5497 | D:6      | Found a blossoming altar of Fedhas.
  5623 | D:6      | Found Fimaett's General Store.
  5628 | D:6      | Bought a scroll of identify for 22 gold pieces
  5628 | D:6      | Bought a scroll of identify for 22 gold pieces
  5628 | D:6      | Bought a scroll of identify for 22 gold pieces
  5646 | D:6      | Found an ornate altar of the Wu Jian Council.
  5650 | D:6      | Found a radiant altar of Vehumet.
  5659 | D:6      | Got a scorched leather armour
  5669 | D:6      | Identified the +1 leather armour of Articulation {+Blink}
                  | (You found it on level 6 of the Dungeon)
  5683 | D:6      | Found Qegu's Antique Armour Emporium.
  6010 | D:6      | Noticed Menkaure
  6016 | D:6      | Killed Menkaure
  6017 | D:6      | Reached XP level 9. HP: 42/73 MP: 8/8
  6189 | D:6      | Reached skill level 1 in Evocations
  6446 | D:6      | Found a runed translucent door.
  6447 | D:6      | Noticed Crazy Yiuf
  6454 | D:6      | Killed Crazy Yiuf
  6521 | D:7      | Reached **** piety under Trog
  7083 | D:7      | Found Yzush's Distillery.
  7086 | D:7      | Bought a potion of curing for 36 gold pieces
  7086 | D:7      | Bought a potion of resistance for 120 gold pieces
  7086 | D:7      | Bought a potion of heal wounds for 60 gold pieces
  7086 | D:7      | Bought a potion of curing for 36 gold pieces
  7238 | D:7      | Noticed Harold
  7264 | D:7      | Killed Harold
  7265 | D:7      | Reached skill level 9 in Shields
  7822 | D:7      | Found a hazy altar of Hepliaklqana.
  7852 | D:8      | Noticed Joseph
  8318 | D:8      | Reached skill level 10 in Shields
  8330 | D:8      | Reached XP level 10. HP: 74/80 MP: 9/9
  8543 | D:8      | Killed Joseph
  8644 | D:8      | Noticed a two-headed ogre
  8658 | D:8      | Killed a two-headed ogre
  8659 | D:8      | Reached skill level 11 in Shields
  9281 | D:8      | Found an iron altar of Okawaru.
  9627 | D:9      | Found a shimmering altar of Xom.
  9639 | D:9      | Found a shimmering altar of Xom.
  9641 | D:9      | Found a shimmering altar of Xom.
  9641 | D:9      | Found a shimmering altar of Xom.
  9641 | D:9      | Found a shimmering altar of Xom.
  9878 | D:9      | Reached skill level 12 in Shields
  9942 | D:9      | Noticed a water nymph
 10413 | D:9      | Noticed a shock serpent
 10416 | D:9      | Noticed a swamp dragon
 10468 | D:9      | Noticed an ice statue
 10519 | D:10     | Entered Level 10 of the Dungeon
 10996 | D:10     | Found Zogaw's Book Emporium.
 11237 | D:10     | Reached ***** piety under Trog
 11238 | D:10     | Reached skill level 13 in Shields
 11475 | D:10     | Found a staircase to the Lair.
 11535 | D:10     | Reached skill level 14 in Shields
 11535 | D:10     | Reached XP level 11. HP: 85/85 MP: 10/10
 11583 | D:10     | Noticed Psyche
 11601 | D:10     | Killed Psyche
 12016 | D:11     | Noticed a two-headed ogre
 12032 | D:11     | Killed a two-headed ogre
 12098 | D:11     | Received a gift from Trog
 12440 | D:11     | Slain by a swamp worm

Illustrated notes

Levels and vault maps discovered:
D:1:      matt_arrival_grand_opening, layout_basic, okawaru_ov_weapons_minmay
D:2:      layout_rooms, lemuel_doored_altar, chequers_ecumenical_altar_island,
          minmay_tree_intersection
D:3:      layout_loops_ring, gup_sewer_entry_spiral
D:4:      layout_basic, minmay_temple_entry_crystal_x, corexii_shack
D:5:      layout_cave_pods
D:6:      layout_loops_cross, lemuel_round_altar, grunt_temple_overflow_open,
          serial_shops, shop, shop, uniq_grinder, uniq_menkaure,
          uniq_crazy_yiuf_cottage
D:7:      layout_rooms, nzn_hepliaklqana_mist_gate, serial_shops,
          shop_fountains, grunt_ministairs_12, uniq_harold
D:8:      minmay_s_stair_smasher, layout_loops_ring,
          nicolae_overflow_hidden_temple, minmay_misc_feat_rugged, uniq_joseph
D:9:      lemuel_ice_statue, layout_basic, xom_shifter_show
D:10:     layout_irregular_city, minmay_lair_entry_grove, serial_shops,
          nicolae_shop_waterfront, st_stairs_9, minmay_misc_feat_square,
          minmay_statues_item, minivault_4, uniq_psyche
D:11:     layout_basic, david_orc_5, serial_glass, glass_columns_a,
          glass_columns_a, worms_lemuel

Skill      XL: |  1  2  3  4  5  6  7  8  9 10 |
---------------+-------------------------------+-----
Axes           | 4 5 6 7 8 9 |  9.3
Fighting       | 4 |  4.9
Armour         | 3 4 5 7 8 |  8.4
Dodging        | 3 |  3.7
Shields        | 3 5 8 10 14 | 14.9
Evocations     | 4 |  4.4

Action                   |  1- 3 |  4- 6 |  7- 9 | 10-12 || total
-------------------------+-------+-------+-------+-------++-------
Melee: Hand axe          |    86 |   108 |   189 |   289 ||   672
       Headbutt          |     8 |    20 |    63 |    74 ||   165
       War axe           |       |       |   109 |       ||   109
       Broad axe         |       |       |       |    30 ||    30
Invok: Berserk           |       |     2 |     9 |     9 ||    20
       Trog's Hand       |       |       |     4 |       ||     4
       Brothers in Arms  |       |       |       |     2 ||     2
 Abil: Evoke Blink       |       |       |     1 |       ||     1
  Use: Scroll            |     6 |     1 |    10 |     7 ||    24
Armor: Animal skin       |     2 |       |       |       ||     2
       Scale mail        |    31 |    47 |    29 |       ||   107
       Leather armour    |       |       |    24 |    34 ||    58
Dodge: Dodged            |    54 |    69 |    74 |    81 ||   278
       Repelled          |       |       |       |     1 ||     1
Block: Kite shield       |       |    27 |   170 |   205 ||   402
